 Dungeon Crawl Stone Soup version 0.21.1-1-g345015fe64 (webtiles) character file.

149 Nattfarinn the Fighter (level 5, 0/51 HPs)
             Began as a Gnoll Wanderer on May 4, 2018.
             Succumbed to a scorpion's poison
             ... on level 2 of the Dungeon.
             The game lasted 00:02:52 (1513 turns).

Nattfarinn the Fighter (Gnoll Wanderer)             Turns: 1513, Time: 00:02:53

Health: 0/51       AC:  2    Str: 14    XL:     5   Next: 31%
Magic:  5/7        EV: 12    Int: 11    God:
Gold:   161        SH:  0    Dex: 19    Spells: 6/6 levels left

rFire    . . .     SeeInvis .   a - +2 quarterstaff
rCold    . . .     Gourm    .   (shield currently unavailable)
rNeg     . . .     Faith    .   k - +0 robe (curse)
rPois    .         Spirit   .   (no helmet)
rElec    .         Reflect  .   (no cloak)
rCorr    .         Harm     .   (no gloves)
MR       .....                  (no boots)
Stlth    ++........             (no amulet)
HPRegen  0.17/turn              (no ring)
MPRegen  0.10/turn              (no ring)

@: lethally poisoned (0 -> -4)
A: distributed training, fangs 1, strong nose
a: no special abilities


You were on level 2 of the Dungeon.
You were very hungry.

You visited 1 branch of the dungeon, and saw 3 of its levels.

You collected 161 gold pieces.

Inventory:

Hand Weapons
 a - a +2 quarterstaff (weapon)
 d - a +0 blowgun
 l - a cursed -3 short sword
Missiles
 c - 11 poisoned needles
Armour
 e - a +0 robe
 k - a cursed +0 robe (worn)
Scrolls
 h - a scroll of teleportation {unknown}
 i - a scroll of enchant weapon {unknown}
 m - 4 scrolls of identify {unknown}
 n - 2 scrolls of fog {unknown}
 o - a scroll of amnesia {unknown}
Books
 j - a book of the Sky

   Spells                             Type                      Level
   a - Summon Lightning Spire         Summoning/Air                4
   b - Silence                        Hexes/Air                    5
   c - Deflect Missiles               Charms/Air                   6
   d - Conjure Ball Lightning         Conjuration/Air              6
   e - Tornado                        Air                          9
Comestibles
 f - 2 rations


   Skills:
 + Level 8.6 Fighting
 + Level 1.4 Short Blades
 + Level 1.4 Long Blades
 + Level 1.4 Axes
 + Level 1.4 Maces & Flails
 + Level 1.4 Polearms
 + Level 4.7 Staves
 + Level 1.4 Slings
 + Level 1.4 Bows
 + Level 1.4 Crossbows
 + Level 4.7 Throwing
 + Level 4.7 Armour
 + Level 1.4 Dodging
 + Level 1.4 Stealth
 + Level 1.4 Shields
 + Level 1.4 Unarmed Combat
 + Level 1.4 Spellcasting
 + Level 1.1 Conjurations
 + Level 1.1 Hexes
 + Level 1.1 Charms
 + Level 1.1 Summonings
 + Level 1.1 Necromancy
 + Level 1.1 Translocations
 + Level 1.1 Transmutations
 + Level 1.1 Fire Magic
 + Level 1.1 Ice Magic
 + Level 1.1 Air Magic
 + Level 1.1 Earth Magic
 + Level 1.1 Poison Magic
 + Level 1.6 Invocations
 + Level 1.4 Evocations


You had 6 spell levels left.
You didn't know any spells.

Dungeon Overview and Level Annotations

Branches:
Dungeon (3/15)

Altars:
Ru

Annotations:
D:3 Robin


Innate Abilities, Weirdness & Mutations

Your experience applies equally to all skills.
You have very sharp teeth.
Your uncanny sense of smell can sniff out nearby items.


Message History

The scorpion is lightly wounded.
The scorpion completely misses you.
You barely miss the scorpion.
You bite the scorpion, but do no damage.
The scorpion is lightly wounded.
The scorpion closely misses you.
You closely miss the scorpion.
The scorpion is lightly wounded.
The scorpion closely misses you.
You hit the scorpion.
The scorpion is moderately wounded.
The scorpion stings you.
* * * LOW HITPOINT WARNING * * *
You are lethally poisoned!
The scorpion poisons you!
You are feeling very hungry.
You sock the scorpion!
You kill the scorpion!
You have reached level 5!
You die...

#.##8≈.######.##.##########.#.#
#..#≈≈.........#.# #......#.#
#.##≈...#####..#.# #.######.#
#..#..#.# ####.#.# #.# #.#
#.#...#.# #......# #.# #.#
#.......###.##...# #.# ###.##
............##...#####.# #....#
.....######............# #.####
.....# #.....@####### #.#
.....# #....#.# #)# ######
#....#.# #.# <######## #....#.#
#.# ........# #....+.# #.#
........# #....### #.#
........# ##.### #.#
........####.##### #.#
...(....#........# #.#


There were no monsters in sight!

Vanquished Creatures
  A scorpion (D:2)
  3 adders (D:2)
  An ooze (D:1)
  4 dart slugs
  A leopard gecko (D:1)
  4 giant cockroaches
  6 hobgoblins
  4 jackals
  7 kobolds
  2 quokkas (D:2)
  A ball python (D:1)
  5 bats
  A frilled lizard (D:2)
  12 goblins
  7 rats
59 creatures vanquished.

Notes
Turn   | Place    | Note
-------+----------+-------------------------------------------
     0 | D:1      | Nattfarinn the Gnoll Wanderer began the quest for the Orb.
     0 | D:1      | Nattfarinn set off with: a +2 quarterstaff, a potion of curing, 11 poisoned needles, a +0 blowgun, a +0 robe, a ration
     0 | D:1      | Reached XP level 1. HP: 26/26 MP: 1/1
    88 | D:1      | Reached XP level 2. HP: 28/33 MP: 2/2
   297 | D:1      | Reached XP level 3. HP: 38/38 MP: 3/3
   679 | D:2      | Reached skill level 1 in Invocations
   817 | D:2      | Reached skill level 1 in Short Blades
   817 | D:2      | Reached skill level 1 in Long Blades
   817 | D:2      | Reached skill level 1 in Axes
   817 | D:2      | Reached skill level 1 in Maces & Flails
   817 | D:2      | Reached skill level 1 in Polearms
   817 | D:2      | Reached skill level 1 in Slings
   817 | D:2      | Reached skill level 1 in Bows
   817 | D:2      | Reached skill level 1 in Crossbows
   817 | D:2      | Reached skill level 1 in Dodging
   817 | D:2      | Reached skill level 1 in Stealth
   817 | D:2      | Reached skill level 1 in Shields
   817 | D:2      | Reached skill level 1 in Unarmed Combat
   817 | D:2      | Reached skill level 1 in Spellcasting
   817 | D:2      | Reached skill level 1 in Evocations
   817 | D:2      | Reached XP level 4. HP: 38/45 MP: 5/5
  1463 | D:3      | Found a sacrificial altar of Ru.
  1472 | D:3      | Noticed Robin
  1485 | D:3      | Reached skill level 1 in Conjurations
  1485 | D:3      | Reached skill level 1 in Hexes
  1485 | D:3      | Reached skill level 1 in Charms
  1485 | D:3      | Reached skill level 1 in Summonings
  1485 | D:3      | Reached skill level 1 in Necromancy
  1485 | D:3      | Reached skill level 1 in Translocations
  1485 | D:3      | Reached skill level 1 in Transmutations
  1485 | D:3      | Reached skill level 1 in Fire Magic
  1485 | D:3      | Reached skill level 1 in Ice Magic
  1485 | D:3      | Reached skill level 1 in Air Magic
  1485 | D:3      | Reached skill level 1 in Earth Magic
  1485 | D:3      | Reached skill level 1 in Poison Magic
  1503 | D:3      | HP: 2/45 [scorpion (6)]
  1512 | D:2      | HP: 1/45 [scorpion (2)]
  1513 | D:2      | Reached XP level 5. HP: 1/51 MP: 5/7
  1513 | D:2      | Succumbed to a scorpion's poison

Skill      XL: |  1  2  3  4 |
---------------+-------------+-----
Invocations    | 1 |  1.6
Short Blades   | 1 |  1.4
Long Blades    | 1 |  1.4
Axes           | 1 |  1.4
Maces & Flails | 1 |  1.4
Polearms       | 1 |  1.4
Slings         | 1 |  1.4
Bows           | 1 |  1.4
Crossbows      | 1 |  1.4
Dodging        | 1 |  1.4
Stealth        | 1 |  1.4
Shields        | 1 |  1.4
Unarmed Combat | 1 |  1.4
Spellcasting   | 1 |  1.4
Evocations     | 1 |  1.4
Conjurations   | 1 |  1.1
Hexes          | 1 |  1.1
Charms         | 1 |  1.1
Summonings     | 1 |  1.1
Necromancy     | 1 |  1.1
Translocations | 1 |  1.1
Transmutations | 1 |  1.1
Fire Magic     | 1 |  1.1
Ice Magic      | 1 |  1.1
Air Magic      | 1 |  1.1
Earth Magic    | 1 |  1.1
Poison Magic   | 1 |  1.1
Fighting       | |  8.6
Staves         | |  4.7
Throwing       | |  4.7
Armour         | |  4.7

Action                   |  1- 3 |  4- 6 || total
-------------------------+-------+-------++-------
Melee: Quarterstaff      |    56 |    65 ||   121
       Bite              |     1 |     7 ||     8
  Use: Potion            |       |     1 ||     1
 Stab: Sleeping          |     5 |     1 ||     6
  Eat: Chunk             |       |     1 ||     1
Armor: Robe              |     7 |    18 ||    25
Dodge: Dodged            |    31 |    53 ||    84
